cohdb
Replays
Latest Replays
All Replays
Popular Replays
Top Player Replays
Match Explorer
How It Works
Community
CoH3 Stats
Reddit
Sign in to upload your games and track your stats! →
Sign in with Steam
Match 40515311
Unlisted
Match 40515311
Overview
Messages
Build Orders
End
Construct Section Command Post
Vickers Machine Gun Team
Selects Canadian Shock Battlegroup
Selects Canadian Shock Battlegroup
Dingo Light Scout Car
Forward Retreat Point
Selects Attacking Spirit
Selects Canadian Shock Section
Construct Platoon Command Post
Canadian Shock Section
CMP 15cwt Truck
Canadian Shock Section
Construct Company Command Post
Selects Burnout
Burnout
Matilda II Heavy Tank
Selects Pyrotechnics
Armored Vehicle Training
Burnout
Matilda II Heavy Tank
Burnout
Matilda II Heavy Tank
Infantry Training
Burnout
Burnout
Matilda II Heavy Tank
Burnout
Selects Churchill Crocodile Heavy Tank
Churchill Crocodile Heavy Tank
Royal Engineer Section
Burnout
Cmplord
VRRRR
Joker
jhc0928d
Nuclear Viking
Skyguy
BlackDolphin
Hummel
0
0
Comments
sign in to comment!
No comments posted yet!